 Dungeon Sprint DCSS version 0.21.1-1-g345015f (webtiles) character file.

15163 doot the Shatterer (level 17, -7/294 HPs)
             Began as a Troll Berserker on June 12, 2018.
             Was a High Priest of Trog.
             Mangled by a quicksilver dragon (9 damage)
             ... in the Dungeon (Sprint VI: "Thunderdome").
             The game lasted 00:51:09 (3182 turns).

doot the Shatterer (Troll Berserker)                Turns: 3182, Time: 00:51:09

Health: -7/294     AC: 41    Str: 48    XL:     17   Next: 84%
Magic:  17/17      EV: 15    Int:  5    God:    Trog [*****.]
Gold:   6          SH:  0    Dex: 17    Spells: 17/17 levels left

rFire    + . .     SeeInvis .   t - +10 giant spiked club of the Philosopher {crush, rC+}
rCold    . . .     Gourm    +   (shield currently unavailable)
rNeg     + + +     Faith    .   M - +12 gold dragon scales
rPois    +         Spirit   .   x - +2 hat {MR+}
rElec    .         Reflect  .   B - +2 cloak "Piekh" {+Blink rN+ Slay+3}
rCorr    .         Harm     +   (gloves unavailable)
MR       ++...     NoTele   +   (boots unavailable)
Stlth    ..........             o - amulet of Japasch {Harm *Drain rC- Int+2 Dex+2}
HPRegen  0.99/turn              d - ring of Peace {+Inv rPois rC- rN+++ Str+5}
MPRegen  0.15/turn              H - ring of Kearuote {+Fly Str+4 Dex+2}

@: berserking (expiring), very quick
A: large, unfitting armour, claws 3, thin metallic scales 1, agile 2, blink,
blurry vision 2, fast metabolism 3, gourmand, regeneration 1, shaggy fur 1,
tough skin 2
}: 4/15 runes: serpentine, slimy, elven, gossamer
a: Blink, Berserk, Trog's Hand, Brothers in Arms, Burn Spellbooks, Renounce
Religion, Evoke Blink, Evoke Invisibility, Evoke Flight


You were in the Dungeon.
You worshipped Trog.
Trog was extremely pleased with you.
You were full.

You visited 1 branch You collected 8020 gold pieces.
You spent 8014 gold pieces at shops.

Inventory:

Hand Weapons
 a - a +0 mace
 n - a +0 giant spiked club
 r - the +10 giant club of Ysmeulua {flame, rElec Str+4}
   (Trog gifted it to you in the Dungeon)

   It has been specially enchanted to burn those struck by it, causing extra
   injury to most foes and up to half again as much damage against particularly
   susceptible opponents.
   It affects your strength (+4).
   It insulates you from electricity.
 t - the +10 giant spiked club of the Philosopher (weapon) {crush, rC+}
   (You found it in the Dungeon)

   It inflicts extra damage upon your enemies.
   It protects you from cold.
 z - the +4 giant spiked club "Kuplijie" {crush, rF+}
   (Trog gifted it to you in the Dungeon)

   It inflicts extra damage upon your enemies.
   It protects you from fire.
 J - a +5 antimagic giant spiked club
 L - the +4 giant spiked club "Xolineett" {crush, +Rage rC+ Str+2 Stlth+}
   (Trog gifted it to you in the Dungeon)

   It inflicts extra damage upon your enemies.
   It affects your strength (+2).
   It protects you from cold.
   It lets you go berserk.
   It makes you more stealthy.
Missiles
 c - 33 large rocks (quivered)
Armour
 s - a +0 troll leather armour
 u - the +2 hat of Negligence {+Fly rN++ Slay-4}
   (You bought it in a shop in the Dungeon)

   It affects your accuracy and damage with ranged weapons and melee attacks
   (-4).
   It greatly protects you from negative energy.
   It lets you fly.
 x - a +2 hat of magic resistance (worn)
 A - the +0 cloak of the Learner {rC- Str+4 Int+4}
   (You bought it in a shop in the Dungeon)

   It affects your strength (+4).
   It affects your intelligence (+4).
   It makes you vulnerable to cold.
 B - the +2 cloak "Piekh" (worn) {+Blink rN+ Slay+3}
   (You bought it in a shop in the Dungeon)

   It affects your accuracy and damage with ranged weapons and melee attacks
   (+3).
   It protects you from negative energy.
   It lets you blink.
 M - +12 gold dragon scales (worn)
Jewellery
 d - the ring of Peace (left claw) {+Inv rPois rC- rN+++ Str+5}
   (You bought it in a shop in the Dungeon)

   [ring of strength]

   It affects your strength (+5).
   It makes you vulnerable to cold.
   It protects you from poison.
   It renders you almost immune to negative energy.
   It lets you turn invisible.
 o - the amulet of Japasch (around neck) {Harm *Drain rC- Int+2 Dex+2}
   (You bought it in a shop in the Dungeon)

   [amulet of harm]

   It increases damage dealt and taken.
   It affects your intelligence (+2).
   It affects your dexterity (+2).
   It makes you vulnerable to cold.
   It causes draining when unequipped.
 p - the ring of Knowledge {rN+ SInv}
   (You bought it in a shop in the Dungeon)

   [ring of positive energy]

   It protects you from negative energy.
   It lets you see invisible.
 y - the ring "Tiotram" {Fire rN+++ Int+2 Dex+2 Stlth-}
   (You bought it in a shop in the Dungeon)

   [ring of fire]

   It enhances your fire magic.
   It affects your intelligence (+2).
   It affects your dexterity (+2).
   It protects you from fire.
   It makes you vulnerable to cold.
   It renders you almost immune to negative energy.
   It makes you less stealthy.
 C - the ring "Rymop" {rElec Stlth+}
   (You bought it in a shop in the Dungeon)

   [ring of stealth]

   It insulates you from electricity.
   It makes you more stealthy.
 E - the ring "Gasaquy" {rF+ rC+}
   (You bought it in a shop in the Dungeon)

   [ring of protection from cold]

   It protects you from fire.
   It protects you from cold.
 G - the ring "Vafyph Xaiti" {+Fly EV+2 Str+2}
   (You bought it in a shop in the Dungeon)

   [ring of evasion]

   It affects your evasion (+2).
   It affects your strength (+2).
   It lets you fly.
 H - the ring of Kearuote (right claw) {+Fly Str+4 Dex+2}
   (You bought it in a shop in the Dungeon)

   [ring of flight]

   It affects your strength (+4).
   It affects your dexterity (+2).
   It lets you fly.
 O - the ring of Yrchyere {rC+ rN++ SInv}
   (You found it in the Dungeon)

   [ring of see invisible]

   It protects you from cold.
   It greatly protects you from negative energy.
   It lets you see invisible.
 Q - the ring "Zenlu Pus" {rF+ Dex+2}
   (You bought it in a shop in the Dungeon)

   [ring of protection from fire]

   It affects your dexterity (+2).
   It protects you from fire.
 R - the ring "Ufuyxtes" {rF+ rC+ rN+ Int-2}
   (You bought it in a shop in the Dungeon)

   [ring of protection from fire]

   It affects your intelligence (-2).
   It protects you from fire.
   It protects you from cold.
   It protects you from negative energy.
 S - the ring "Atentor" {Ice +Inv rElec Str+4}
   (You bought it in a shop in the Dungeon)

   [ring of ice]

   It enhances your ice magic.
   It affects your strength (+4).
   It makes you vulnerable to fire.
   It protects you from cold.
   It insulates you from electricity.
   It lets you turn invisible.
 V - the ring "Ajyipt" {rF++ MP+9}
   (You bought it in a shop in the Dungeon)

   [ring of magical power]

   It greatly protects you from fire.
   It affects your magic capacity (+9).
Wands
 j - a wand of acid (5)
 k - a wand of iceblast (5)
Scrolls
 i - 5 scrolls of blinking
 l - 3 scrolls of fog
 D - 13 scrolls of remove curse
 K - 2 scrolls of enchant armour
Potions
 e - 14 potions of heal wounds
 f - 7 potions of haste
 g - 2 potions of magic
 h - a potion of berserk rage
 m - a potion of resistance
 w - 4 potions of curing
 I - 6 potions of agility
 P - 4 potions of experience


   Skills:
 + Level 18.9 Fighting
 + Level 25.1 Maces & Flails
 + Level 6.3 Throwing
 + Level 13.0 Armour
 + Level 14.3 Dodging
 - Level 3.8 Stealth
 + Level 0.9 Spellcasting
 + Level 1.1 Evocations


You had 17 spell levels left.
You didn't know any spells.

Dungeon Overview and Level Annotations

Branches:
Dungeon (1/1)

Altars:
Cheibriados
Dithmenos
Fedhas
Gozag
Kikubaaqudgha
Makhleb
Okawaru
Qazlal
Ru
Sif Muna
Trog
Uskayaw
Vehumet
Wu Jian
Xom
Yredelemnul
Zin
The Shining One
Beogh
Jiyva
Lugonu

Shops:
D *[%??*?*:[((!!!!


Innate Abilities, Weirdness & Mutations

You are too large for most types of armour.
You have claws for hands.
Your metabolism is lightning-fast.
You like to eat raw meat.
Your natural rate of healing is unusually fast.
You are covered in fur. (AC +1)
You have very tough skin. (AC +2)
You are partially covered in thin metallic scales. (AC +2)
You are very agile. (Dex +4)
You can translocate small distances at will.
Scrolls take you longer to read.


Message History

* * * LOW HITPOINT WARNING * * *
The golden dragon closely misses you.
The golden dragon claws you but does no damage.
The golden dragon tramples you but does no damage.
You barely miss the golden dragon.
The golden dragon is severely wounded.
The shadow dragon bites you but does no damage.
The shadow dragon claws you!
* * * LOW HITPOINT WARNING * * *
The shadow dragon claws you but does no damage.
The shadow dragon bites you!
* * * LOW HITPOINT WARNING * * *
The shadow dragon claws you but does no damage. x2
The storm dragon misses you. The storm dragon closely misses you.
The storm dragon tramples you but does no damage.
You are too berserk!
You sock the golden dragon!
The golden dragon is almost dead.
The quicksilver dragon bites you!
You die...

#_......._#
##.........###
⌠....)......⌠#
.8.........8.######
.....###......___∩##
..)8.# #.8........∩###
...[.###†..)....D....##
.....)..###(...DDD.D.⌠#
..###.<.# #....D@DD..⌠#
..###(..###[...DDD...)#
..[()###..)..........##
...8.# #.8........∩###
.....###......__.∩##
.8.........8(######
⌠...........⌠#
##......((.###
#_.......)#


You could see 3 shadow dragons, an iron dragon, 4 golden dragons, a storm
dragon, a fire dragon and a quicksilver dragon.

Vanquished Creatures
  Dissolution (D)
  3 golden dragons (D)
  A storm dragon (D)
  A frost giant (D)
  9 stone giants (D)
  3 very ugly things (D)
  A wolf spider (D)
  An eidolon (D)
  A fire dragon (D)
  A mummy priest (D)
  Nergalle (D)
  3 swamp dragons (D)
  A lindwurm (D)
  9 ugly things (D)
  A salamander (shapeshifter) (D)
  A manticore (shapeshifter) (D)
  3 cyclopes (D)
  A torpor snail (shapeshifter) (D)
  An eye of devastation (shapeshifter) (D)
  3 smoke demons (D)
  6 rime drakes (D)
  2 komodo dragons (D)
  2 golden dragon simulacra (D)
  7 tormentors (D)
  2 guardian mummies (D)
  A wind drake (D)
  A snapping turtle (shapeshifter) (D)
  An air elemental (D)
  A tarantella (shapeshifter) (D)
  3 water elementals (D)
  2 wraiths (D)
  Grum (D)
  14 neqoxecs (D)
  2 steam dragons (D)
  An insubstantial wisp (D)
  A hell hound (D)
  2 acid dragons (D)
  A hydra simulacrum (D)
  A floating eye (shapeshifter) (D)
  An ice beast (D)
  2 swamp drakes (D)
  A black bear (shapeshifter) (D)
  2 sky beasts (D)
  A tengu (shapeshifter) (D)
  A wolf (D)
  2 spriggan simulacra (D)
  3 mummies (D)
  3 adders (D)
  A river rat (D)
  2 quokkas (D)
  3 ball pythons (D)
  3 rats (D)
122 creatures vanquished.

Vanquished Creatures (collateral kills)
  A deep elf elementalist (D)
  2 eidola (D)
  An ettin (shapeshifter) (D)
  An ice dragon (D)
  Aizul (D)
  3 phantasmal warriors (D)
  13 smoke demons (D)
  6 tormentors (D)
  A guardian mummy (D)
  A wraith (D)
  An acid dragon (D)
  2 wolves (D)
  A hound (D)
34 creatures vanquished.

Grand Total: 156 creatures vanquished

Notes
Turn   | Place    | Note
-------+----------+-------------------------------------------
     0 | D        | doot the Troll Berserker began the quest for the Orb.
     0 | D        | Reached XP level 1. HP: 22/22 MP: 0/0
     1 | D        | Found an ornate altar of the Wu Jian Council.
     2 | D        | Found a stormy altar of Qazlal.
     2 | D        | Found an opulent altar of Gozag.
     3 | D        | Found a roughly hewn altar of Beogh.
     3 | D        | Found a bloodstained altar of Trog.
     4 | D        | Found a snail-covered altar of Cheibriados.
     4 | D        | Found a viscous altar of Jiyva.
     4 | D        | Found Gitumyhi's Weapon Rack.
     4 | D        | Found Qeeh's Premium Goods.
     5 | D        | Found Jadorifu's Basic Armour.
     5 | D        | Found Tommutoim's Miscellaneous Merchandise.
     5 | D        | Round 1.
    12 | D        | Bought a +0 giant spiked club for 57 gold pieces
    16 | D        | Reached skill level 3 in Maces & Flails
    16 | D        | Reached XP level 2. HP: 30/31 MP: 1/1
    21 | D        | Found a corrupted altar of Lugonu.
    22 | D        | Found a sacrificial altar of Ru.
    23 | D        | Found a basalt altar of Yredelemnul.
    24 | D        | Found Tak Zuu's Identification Station.
    25 | D        | Found Maaqufum's Advanced Armour.
    25 | D        | Found Raczuis's Jewellery.
    25 | D        | Found a burning altar of Makhleb.
    25 | D        | Found a shimmering altar of Xom.
    25 | D        | Found a hide-covered altar of Uskayaw.
    25 | D        | Found Akicioh's Delicious Food.
    29 | D        | Found an iron altar of Okawaru.
    33 | D        | Bought a scorched zirconium amulet for 45 gold pieces
    33 | D        | Bought an ancient pewter ring for 45 gold pieces
    33 | D        | Bought a brightly glowing pewter ring for 45 gold pieces
    33 | D        | Identified the amulet of Japasch {Harm *Drain rC- Int+2 Dex+2} (You bought it in a shop in the Dungeon)
    34 | D        | Identified the ring of Knowledge {rN+ SInv} (You bought it in a shop in the Dungeon)
    35 | D        | Identified the cursed ring "Ablomi" {Str+3 Int-3 Dex+2} (You bought it in a shop in the Dungeon)
    41 | D        | Found an ancient bone altar of Kikubaaqudgha.
    41 | D        | Found a glowing golden altar of the Shining One.
    43 | D        | Found Caafeseu's Magic Scroll Shop.
    44 | D        | Found a blossoming altar of Fedhas.
    44 | D        | Found a radiant altar of Vehumet.
    44 | D        | Found Xearchor's Staff Store.
    44 | D        | Found Raduur's Magic Scroll Shop.
    44 | D        | Found Xofac's Must-Have Magic.
    48 | D        | Found a deep blue altar of Sif Muna.
    49 | D        | Found a shadowy altar of Dithmenos.
    50 | D        | Found a glowing silver altar of Zin.
    51 | D        | Found Suicsio's Distillery.
    52 | D        | Found Pezel's Distillery.
    52 | D        | Found Xamar's Bottled Wisdom.
    53 | D        | Found Senasas's Do-It-Yourself Clinic.
   109 | D        | Reached ** piety under Trog
   141 | D        | Arena points: 14 (+14) [x2]
   193 | D        | Round 2.
   223 | D        | Reached *** piety under Trog
   223 | D        | Reached skill level 4 in Maces & Flails
   272 | D        | Reached **** piety under Trog
   272 | D        | Reached XP level 3. HP: 23/39 MP: 2/2
   275 | D        | Arena points: 56 (+42) [x3]
   304 | D        | Round 3.
   315 | D        | Noticed Grum
   317 | D        | Noticed a hell hound
   325 | D        | Killed Grum
   325 | D        | Reached skill level 5 in Fighting
   325 | D        | Reached skill level 7 in Maces & Flails
   325 | D        | Reached skill level 5 in Dodging
   325 | D        | Reached XP level 4. HP: 31/50 MP: 3/3
   325 | D        | Reached XP level 5. HP: 36/57 MP: 4/4
   326 | D        | Killed a hell hound
   326 | D        | Reached skill level 8 in Maces & Flails
   326 | D        | Reached XP level 6. HP: 40/66 MP: 5/5
   337 | D        | Reached skill level 9 in Maces & Flails
   370 | D        | Arena points: 140 (+84) [x4]
   370 | D        | Reached skill level 10 in Maces & Flails
   370 | D        | Reached skill level 1 in Stealth
   385 | D        | Bought a +0 troll leather armour for 180 gold pieces
   426 | D        | Round 4.
   433 | D        | Noticed a neqoxec
   438 | D        | Killed a neqoxec
   438 | D        | Reached XP level 7. HP: 61/76 MP: 6/6
   475 | D        | Noticed a neqoxec
   479 | D        | Gained mutation: Your body sometimes deteriorates upon taking damage. [a neqoxec]
   480 | D        | Killed a neqoxec
   480 | D        | Reached ***** piety under Trog
   480 | D        | Reached skill level 11 in Maces & Flails
   513 | D        | Noticed a neqoxec
   515 | D        | Gained mutation: You occasionally shout uncontrollably at your foes. [a neqoxec]
   522 | D        | Killed a neqoxec
   522 | D        | Received a gift from Trog
   524 | D        | Noticed a neqoxec
   525 | D        | Noticed a neqoxec
   528 | D        | Gained mutation: You expend magic power (3 MP) to strengthen your wands. [a neqoxec]
   529 | D        | Gained mutation: You are frail. (-10% HP) [a neqoxec]
   530 | D        | Gained mutation: Your spells are a little easier to cast, but a little less powerful. [a neqoxec]
   536 | D        | Gained mutation: You are very frail. (-20% HP) [a neqoxec]
   537 | D        | Killed a neqoxec
   537 | D        | Reached skill level 12 in Maces & Flails
   537 | D        | Reached XP level 8. HP: 69/69 MP: 7/7
   571 | D        | Arena points: 280 (+140) [x5]
   592 | D        | Round 5.
   594 | D        | Bought 2 potions of mutation for 112 gold pieces
   594 | D        | Lost mutation: You occasionally shout uncontrollably at your foes. [potion of mutation]
   594 | D        | Lost mutation: Your body sometimes deteriorates upon taking damage. [potion of mutation]
   594 | D        | Gained mutation: You are weak. (Str -2) [potion of mutation]
   594 | D        | Lost mutation: You are very frail. (-20% HP) [potion of mutation]
   595 | D        | Lost mutation: You are weak. (Str -2) [potion of mutation]
   595 | D        | Lost mutation: Your spells are a little easier to cast, but a little less powerful. [potion of mutation]
   595 | D        | Gained mutation: You have a pair of small antennae on your head. [potion of mutation]
   607 | D        | Noticed Aizul
   619 | D        | Killed Aizul
   619 | D        | Arena points: 560 (+280) [x7]
   619 | D        | Reached skill level 13 in Maces & Flails
   619 | D        | Reached skill level 1 in Armour
   620 | D        | Got a serpentine rune of Zot
   620 | D        | HP: 5/117 [poisoned by Aizul (bolt of poison)]
   636 | D        | Bought a fine granite ring for 45 gold pieces
   637 | D        | Identified the ring of Peace {+Inv rPois rC- rN+++ Str+5} (You bought it in a shop in the Dungeon)
   685 | D        | Bought a crude hat for 315 gold pieces
   690 | D        | Identified the +2 hat of Negligence {+Fly rN++ Slay-4} (You bought it in a shop in the Dungeon)
   783 | D        | Round 6.
   839 | D        | Gained mutation: Armour fits poorly on your strangely shaped body. [a neqoxec]
   857 | D        | Lost intelligence.
   859 | D        | Gained mutation: Your body sometimes deteriorates upon taking damage. [a neqoxec]
   863 | D        | Gained mutation: You are dopey. (Int -2) [a neqoxec]
   864 | D        | Gained mutation: You are very frail. (-20% HP) [a neqoxec]
   865 | D        | Reached XP level 9. HP: 37/76 MP: 8/8
   865 | D        | Gained mutation: You tend to lose your temper in combat. [a neqoxec]
   865 | D        | Gained mutation: You have a beak for a mouth. [a neqoxec]
   869 | D        | Reached skill level 14 in Maces & Flails
   906 | D        | Lost mutation: You tend to lose your temper in combat. [a neqoxec]
   909 | D        | Gained mutation: You are weak. (Str -2) [a neqoxec]
   910 | D        | Received a gift from Trog
   910 | D        | Arena points: 992 (+432) [x8]
   925 | D        | Round 7.
   926 | D        | Bought 3 potions of mutation for 168 gold pieces
   926 | D        | Lost mutation: You have a pair of small antennae on your head. [potion of mutation]
   926 | D        | Lost mutation: You are weak. (Str -2) [potion of mutation]
   926 | D        | Gained mutation: Your magical capacity is low. (-10% MP) [potion of mutation]
   926 | D        | Lost mutation: Your body sometimes deteriorates upon taking damage. [potion of mutation]
   926 | D        | Gained mutation: Your muscles are strong. (Str +2) [potion of mutation]
   927 | D        | Lost mutation: Your magical capacity is low. (-10% MP) [potion of mutation]
   927 | D        | Lost mutation: You have a beak for a mouth. [potion of mutation]
   927 | D        | Lost mutation: You are very frail. (-20% HP) [potion of mutation]
   927 | D        | Gained mutation: You can translocate small distances at will. [potion of mutation]
   927 | D        | Lost mutation: You are frail. (-10% HP) [potion of mutation]
   927 | D        | Gained mutation: Your magical capacity is low. (-10% MP) [potion of mutation]
   927 | D        | Gained mutation: You are somewhat resistant to further mutation. [potion of mutation]
   928 | D        | Lost mutation: You are dopey. (Int -2) [potion of mutation]
   928 | D        | Lost mutation: Your muscles are strong. (Str +2) [potion of mutation]
   928 | D        | Lost mutation: Your magical capacity is low. (-10% MP) [potion of mutation]
   928 | D        | Lost mutation: Armour fits poorly on your strangely shaped body. [potion of mutation]
   928 | D        | Gained mutation: You are agile. (Dex +2) [potion of mutation]
   928 | D        | Gained mutation: You are very agile. (Dex +4) [potion of mutation]
   969 | D        | Noticed a guardian mummy
   976 | D        | Killed a guardian mummy
   976 | D        | Reached skill level 15 in Maces & Flails
   983 | D        | Noticed a guardian mummy
   988 | D        | Killed a guardian mummy
   988 | D        | Noticed a soul eater
  1032 | D        | Noticed a mummy priest
  1032 | D        | Noticed a guardian mummy
  1038 | D        | Noticed a sixfirhy
  1047 | D        | Killed a guardian mummy
  1049 | D        | Killed a mummy priest
  1049 | D        | Noticed a reaper
  1062 | D        | Arena points: 1048 (+56) [x1]
  1077 | D        | Round 8.
  1078 | D        | Noticed a wind drake
  1086 | D        | Killed a wind drake
  1086 | D        | Reached XP level 10. HP: 88/105 MP: 9/9
  1087 | D        | Reached skill level 16 in Maces & Flails
  1087 | D        | Reached skill level 10 in Dodging
  1087 | D        | Reached XP level 11. HP: 96/114 MP: 10/10
  1099 | D        | Received a gift from Trog
  1101 | D        | Reached ****** piety under Trog
  1105 | D        | Got a jewelled giant club {god gift}
  1109 | D        | Identified the +10 giant club of Ysmeulua {flame, rElec Str+4} (Trog gifted it to you in the Dungeon)
  1115 | D        | Bought 3 potions of heal wounds for 105 gold pieces
  1115 | D        | Bought 4 potions of curing for 84 gold pieces
  1149 | D        | Arena points: 1176 (+128) [x2]
  1163 | D        | Bought 3 potions of heal wounds for 105 gold pieces
  1164 | D        | Round 9.
  1179 | D        | Noticed a swamp dragon
  1190 | D        | Reached skill level 17 in Maces & Flails
  1214 | D        | Killed a swamp dragon
  1228 | D        | Noticed a swamp dragon
  1251 | D        | Killed a swamp dragon
  1251 | D        | Received a gift from Trog
  1280 | D        | Reached skill level 5 in Armour
  1283 | D        | Arena points: 1419 (+243) [x3]
  1295 | D        | Bought a crude copper ring for 45 gold pieces
  1296 | D        | Identified the ring "Tiotram" {Fire rN+++ Int+2 Dex+2 Stlth-} (You bought it in a shop in the Dungeon)
  1341 | D        | Round 10.
  1350 | D        | Noticed a dire wolf spider
  1364 | D        | Killed a dire wolf spider
  1364 | D        | Arena points: 1869 (+450) [x5]
  1364 | D        | Reached skill level 18 in Maces & Flails
  1367 | D        | Got a gossamer rune of Zot
  1379 | D        | Bought an ichor-stained cloak for 332 gold pieces
  1384 | D        | Identified the +0 cloak of the Learner {rC- Str+4 Int+4} (You bought it in a shop in the Dungeon)
  1384 | D        | Bought a warped cloak for 332 gold pieces
  1394 | D        | Identified the +2 cloak "Piekh" {+Blink rN+ Slay+3} (You bought it in a shop in the Dungeon)
  1400 | D        | Bought a wavering golden ring for 45 gold pieces
  1401 | D        | Identified the ring "Rymop" {rElec Stlth+} (You bought it in a shop in the Dungeon)
  1566 | D        | Round 11.
  1567 | D        | Noticed a brown ugly thing
  1571 | D        | Killed a brown ugly thing
  1573 | D        | Noticed a green very ugly thing
  1573 | D        | Noticed a brown ugly thing
  1573 | D        | Noticed a green ugly thing
  1574 | D        | Noticed a white ugly thing
  1574 | D        | Noticed a brown ugly thing
  1579 | D        | Noticed a white ugly thing
  1579 | D        | Noticed a cyan ugly thing
  1584 | D        | Noticed a white very ugly thing
  1585 | D        | Noticed a white ugly thing
  1586 | D        | Noticed a brown very ugly thing
  1588 | D        | Killed a brown very ugly thing
  1588 | D        | Reached skill level 10 in Fighting
  1590 | D        | Killed a white ugly thing
  1590 | D        | Received a gift from Trog
  1596 | D        | Killed a white ugly thing
  1596 | D        | Reached skill level 19 in Maces & Flails
  1597 | D        | Killed a white ugly thing
  1603 | D        | Killed a brown very ugly thing
  1606 | D        | Killed a purple ugly thing
  1606 | D        | Reached XP level 12. HP: 72/126 MP: 11/11
  1607 | D        | Reached skill level 1 in Evocations
  1607 | D        | Reached XP level 13. HP: 77/134 MP: 12/12
  1611 | D        | Killed a white very ugly thing
  1611 | D        | Received a gift from Trog
  1611 | D        | Reached skill level 20 in Maces & Flails
  1618 | D        | Arena points: 2727 (+858) [x6]
  1622 | D        | Got a shimmering giant spiked club {god gift}
  1623 | D        | Identified the +4 giant spiked club "Kuplijie" {crush, rF+} (Trog gifted it to you in the Dungeon)
  1634 | D        | Bought 15 scrolls of remove curse for 450 gold pieces
  1649 | D        | Bought a transparent pewter ring for 45 gold pieces
  1650 | D        | Identified the ring "Gasaquy" {rF+ rC+} (You bought it in a shop in the Dungeon)
  1651 | D        | Bought a brightly glowing turquoise ring for 45 gold pieces
  1652 | D        | Identified the ring of Obsession {+Fly Stlth-} (You bought it in a shop in the Dungeon)
  1653 | D        | Bought a scintillating lead ring for 45 gold pieces
  1654 | D        | Identified the ring "Vafyph Xaiti" {+Fly EV+2 Str+2} (You bought it in a shop in the Dungeon)
  1655 | D        | Bought a translucent golden ring for 45 gold pieces
  1656 | D        | Identified the ring of Kearuote {+Fly Str+4 Dex+2} (You bought it in a shop in the Dungeon)
  1659 | D        | Round 12.
  1660 | D        | Noticed Nergalle
  1661 | D        | Noticed an eidolon
  1661 | D        | Noticed an eidolon
  1661 | D        | Noticed an eidolon
  1666 | D        | Killed Nergalle
  1669 | D        | Killed an eidolon
  1672 | D        | Killed an eidolon
  1674 | D        | Received a gift from Trog
  1675 | D        | Reached skill level 21 in Maces & Flails
  1675 | D        | Killed an eidolon
  1681 | D        | Arena points: 3651 (+924) [x7]
  1712 | D        | Bought 3 potions of heal wounds for 105 gold pieces
  1712 | D        | Bought 3 potions of heal wounds for 105 gold pieces
  1719 | D        | Bought 6 potions of agility for 168 gold pieces
  1719 | D        | Bought 3 potions of haste for 210 gold pieces
  1736 | D        | Round 13.
  1761 | D        | Received a gift from Trog
  1863 | D        | Received a gift from Trog
  1880 | D        | Arena points: 4795 (+1144) [x8]
  1889 | D        | Bought 4 scrolls of enchant armour for 300 gold pieces
  1889 | D        | Bought 4 scrolls of enchant armour for 300 gold pieces
  1926 | D        | Round 14.
  1957 | D        | Noticed a fire dragon
  1966 | D        | Killed a fire dragon
  2004 | D        | Received a gift from Trog
  2011 | D        | Reached skill level 22 in Maces & Flails
  2041 | D        | Arena points: 6181 (+1386) [x9]
  2098 | D        | Round 15.
  2099 | D        | Noticed a deep elf elementalist
  2107 | D        | Killed a deep elf elementalist
  2107 | D        | Arena points: 7996 (+1815) [x11]
  2108 | D        | Got a jewelled giant spiked club
  2108 | D        | Got an elven rune of Zot
  2126 | D        | Bought +0 gold dragon scales for 960 gold pieces
  2144 | D        | Identified the +10 giant spiked club of the Philosopher {crush, rC+} (You found it in the Dungeon)
  2168 | D        | Bought 3 scrolls of blinking for 225 gold pieces
  2170 | D        | Bought 4 scrolls of enchant armour for 300 gold pieces
  2304 | D        | Round 16.
  2316 | D        | Gained mutation: You are frail. (-10% HP) [a shining eye]
  2353 | D        | Received a gift from Trog
  2423 | D        | Noticed an ettin
  2426 | D        | an ettin changed into an ice dragon
  2428 | D        | Noticed an ettin
  2428 | D        | an ice dragon changed into an ettin
  2432 | D        | Killed an ettin
  2432 | D        | Received a gift from Trog
  2436 | D        | Arena points: 10108 (+2112) [x12]
  2463 | D        | Bought 4 scrolls of enchant armour for 300 gold pieces
  2500 | D        | Round 17.
  2518 | D        | HP: 6/131 [smoke demon/divine providence (20)]
  2529 | D        | Received a gift from Trog
  2535 | D        | Reached XP level 14. HP: 109/140 MP: 13/13
  2536 | D        | Reached skill level 1 in Throwing
  2536 | D        | Reached XP level 15. HP: 116/148 MP: 14/14
  2550 | D        | Received a gift from Trog
  2561 | D        | Arena points: 13865 (+3757) [x13]
  2565 | D        | Got an ivory giant spiked club {god gift}
  2566 | D        | Identified the +4 giant spiked club "Xolineett" {crush, +Rage rC+ Str+2 Stlth+} (Trog gifted it to you in the Dungeon)
  2585 | D        | Round 18.
  2593 | D        | Bought 3 potions of heal wounds for 105 gold pieces
  2593 | D        | Bought 3 potions of heal wounds for 105 gold pieces
  2593 | D        | Bought 3 potions of heal wounds for 105 gold pieces
  2594 | D        | Bought a potion of experience for 300 gold pieces
  2594 | D        | Reached XP level 16. HP: 156/156 MP: 15/15
  2673 | D        | Received a gift from Trog
  2684 | D        | Received a gift from Trog
  2721 | D        | Arena points: 14117 (+252) [x1]
  2725 | D        | Bought a potion of experience for 300 gold pieces
  2725 | D        | Reached skill level 15 in Fighting
  2725 | D        | Reached XP level 17. HP: 54/165 MP: 15/17
  2736 | D        | Round 19.
  2776 | D        | Reached skill level 23 in Maces & Flails
  2842 | D        | Received a gift from Trog
  2866 | D        | Received a gift from Trog
  2898 | D        | Arena points: 14383 (+266) [x1]
  2913 | D        | Round 20.
  2914 | D        | Bought 3 potions of heal wounds for 105 gold pieces
  2914 | D        | Bought 3 potions of heal wounds for 105 gold pieces
  2936 | D        | Bought a potion of mutation for 56 gold pieces
  2936 | D        | Lost mutation: You are somewhat resistant to further mutation. [potion of mutation]
  2936 | D        | Lost mutation: You can translocate small distances at will. [potion of mutation]
  2936 | D        | Lost mutation: You are frail. (-10% HP) [potion of mutation]
  2936 | D        | Lost mutation: You expend magic power (3 MP) to strengthen your wands. [potion of mutation]
  2936 | D        | Gained mutation: Scrolls take you a little longer to read. [potion of mutation]
  2936 | D        | Gained mutation: You are partially covered in thin metallic scales. (AC +2) [potion of mutation]
  2936 | D        | Gained mutation: Scrolls take you longer to read. [potion of mutation]
  2936 | D        | Gained mutation: You can translocate small distances at will. [potion of mutation]
  2947 | D        | Noticed Dissolution
  2961 | D        | Killed Dissolution
  2961 | D        | Arena points: 15163 (+780) [x3]
  2961 | D        | Reached skill level 24 in Maces & Flails
  2961 | D        | Reached skill level 5 in Throwing
  2962 | D        | Got a brightly glowing marble ring
  2962 | D        | Got a slimy rune of Zot
  2968 | D        | Identified the ring of Yrchyere {rC+ rN++ SInv} (You found it in the Dungeon)
  2980 | D        | Bought a pitted ivory ring for 45 gold pieces
  2980 | D        | Bought a shimmering golden ring for 45 gold pieces
  2980 | D        | Bought a brightly glowing gossamer ring for 45 gold pieces
  2980 | D        | Bought a sparkling pewter ring for 45 gold pieces
  2980 | D        | Bought a faintly glowing steel ring for 45 gold pieces
  2980 | D        | Bought a pitted wooden ring for 45 gold pieces
  2981 | D        | Identified the ring "Zenlu Pus" {rF+ Dex+2} (You bought it in a shop in the Dungeon)
  2983 | D        | Identified the ring "Ajyipt" {rF++ MP+9} (You bought it in a shop in the Dungeon)
  2985 | D        | Identified the cursed ring "Ykkaqoh" {Dex-3 Stlth+} (You bought it in a shop in the Dungeon)
  2987 | D        | Identified the ring "Tafur" {+Fly rPois rF+ Int+3} (You bought it in a shop in the Dungeon)
  2989 | D        | Identified the ring "Ufuyxtes" {rF+ rC+ rN+ Int-2} (You bought it in a shop in the Dungeon)
  2991 | D        | Identified the ring "Atentor" {Ice +Inv rElec Str+4} (You bought it in a shop in the Dungeon)
  3039 | D        | Bought 3 potions of experience for 900 gold pieces
  3163 | D        | Round 21.
  3164 | D        | Noticed a golden dragon
  3164 | D        | Noticed a golden dragon
  3164 | D        | Noticed a golden dragon
  3164 | D        | Noticed a golden dragon
  3166 | D        | Noticed a golden dragon
  3166 | D        | Noticed a golden dragon
  3167 | D        | Noticed a quicksilver dragon
  3167 | D        | Noticed a golden dragon
  3172 | D        | Killed a golden dragon
  3176 | D        | Killed a golden dragon
  3176 | D        | Reached skill level 25 in Maces & Flails
  3178 | D        | Killed a golden dragon
  3181 | D        | HP: 14/294 [shadow dragon (9)]
  3181 | D        | HP: 1/294 [shadow dragon (13)]
  3182 | D        | Mangled by a quicksilver dragon

Skill      XL: |  1  2  3  4  5  6  7  8  9 10 11 12 13 14 15 16 17 |
---------------+----------------------------------------------------+-----
Fighting       | 3 5 6 7 8 9 10 14 15 18 | 18.9
Maces & Flails | 3 4 7 8 10 12 13 15 16 19 22 25 | 25.1
Dodging        | 3 5 6 7 8 9 10 11 13 14 | 14.3
Stealth        | 1 2 3 |  3.8
Armour         | 2 4 5 7 8 13 | 13.0
Evocations     | 1 |  1.1
Throwing       | 1 6 |  6.3
Spellcasting   | |  0.9

Action                   |  1- 3 |  4- 6 |  7- 9 | 10-12 | 13-15 | 16-18 || total
-------------------------+-------+-------+-------+-------+-------+-------++-------
Melee: Giant spiked club |    51 |    15 |    82 |    14 |    20 |    60 ||   242
       Peck              |       |       |     3 |       |       |       ||     3
       Giant club        |       |       |       |    53 |    67 |       ||   120
Throw: Large rock        |       |       |       |       |       |     7 ||     7
Invok: Berserk           |     2 |       |     2 |       |       |     4 ||     8
       Brothers in Arms  |       |     1 |     2 |       |     7 |     6 ||    16
       Trog's Hand       |       |       |       |       |     1 |     1 ||     2
  Use: Potion            |       |       |     6 |     2 |     9 |    12 ||    29
       Scroll            |       |       |       |       |    15 |     3 ||    18
 Stab: Distracted        |       |       |       |       |     1 |       ||     1
  Eat: Chunk             |    10 |     2 |     1 |    11 |     3 |    11 ||    38
       Ration            |       |       |       |       |     1 |     1 ||     2
Armor: Animal skin       |    29 |     7 |       |       |       |       ||    36
       Troll leather arm |       |       |    22 |    16 |    10 |       ||    48
       Gold dragon scale |       |       |       |       |    19 |    61 ||    80
Dodge: Dodged            |    44 |    21 |    74 |    39 |    40 |    48 ||   266
